 Dungeon Crawl Stone Soup version 0.31-a0-662-g684573625c (webtiles) character file.

Game seed: 13636382536970322046

879 GigaChad the Chopper (level 8, -6/62 HPs)
             Began as a Formicid Fighter on Sept 1, 2023.
             Killed from afar by a steam dragon (16 damage)
             ... with a ball of steam
             ... on level 6 of the Dungeon.
             The game lasted 00:05:57 (4973 turns).

GigaChad the Chopper (Formicid Fighter)             Turns: 4973, Time: 00:05:57

Health: -6/62      AC:  7    Str: 23    XL:     8   Next: 25%
Magic:  8/8        EV:  9    Int:  8    God:
Gold:   232        SH:  5    Dex: 13    Spells: 7/7 levels left

rFire   . . .        a - +0 war axe
rCold   . . .        c - +0 buckler
rNeg    . . .        b - +0 scale mail
rPois   .            (helmet unavailable)
rElec   .            (no cloak)
rCorr   .            (no gloves)
SInv    +            (no boots)
Will    +....        (no amulet) Stlth
                     p - ring of willpower
HPRegen 0.30/turn    (no ring)
MPRegen 0.11/turn

%: no passive effects
@: no status effects
A: permanent stasis, dig shafts and tunnels, antennae 3, four strong arms
a: Dig, Shaft Self


You were on level 6 of the Dungeon.
You visited 1 branch of the dungeon, and saw 6 of its levels.

You collected 232 gold pieces.

Inventory:

Hand Weapons
 a - a +0 war axe (weapon)
 v - a +0 orcbow
Armour
 b - a +0 scale mail (worn)
 c - a +0 buckler (worn)
Jewellery
 p - a ring of willpower (left hand)
Talismans
 u - a serpent talisman
Wands
 i - a wand of polymorph (28)
Scrolls
 f - a scroll of teleportation
 h - a scroll of vulnerability
 o - a scroll of butterflies
 q - 2 scrolls of amnesia
 r - a scroll of enchant armour {unknown}
 t - a scroll of identify
Potions
 d - a potion of might
 e - 2 potions of mutation
 g - a potion of lignification {unknown}
 j - a potion of enlightenment {unknown}
 k - a potion of curing {unknown}
 l - a potion of haste {unknown}
 m - a potion of attraction {unknown}
 n - a potion of berserk rage {unknown}


   Skills:
 * Level 5.3 Fighting
 * Level 6.3 Axes
 * Level 5.3 Armour
 * Level 5.8 Shields
 * Level 0.8 Shapeshifting


You had 7 spell levels left.
You didn't know any spells.
Your spell library contained the following spells:

 Spells                   Type           Power      Damage    Failure   Level
 Poisonous Vapours        Pois/Air       0%         N/A       88%         2
 Static Discharge         Conj/Air       0%         2-2/arc   88%         2
 Hailstorm                Conj/Ice       0%         3d3       98%         3
 Inner Flame              Hex/Fire       0%         N/A       98%         3
 Mephitic Cloud           Conj/Pois/Air  0%         N/A       98%         3
 Airstrike                Air            0%         2d(0-16)  100%        4
 Summon Ice Beast         Ice/Summ       0%         N/A       100%        4
 Summon Lightning Spire   Summ/Air       0%         N/A       100%        4
 Freezing Cloud           Conj/Ice/Air   0%         6-21      100%        5
 Yara's Violent Unravell  Hex/Tmut       0%         3d3       100%        5
 Simulacrum               Ice/Necr       0%         N/A       100%        6
 Enfeeble                 Hex            0%         N/A       100%        7


Dungeon Overview and Level Annotations

Branches:
Dungeon (6/15)
 Temple: D:4-7

Altars:
Cheibriados
Fedhas
Makhleb
Qazlal
Vehumet
Zin

Annotations:
D:3 1 runed translucent door, SirDiesAlot's ghost, amateur OpFE


Innate Abilities, Weirdness & Mutations

You cannot be hasted, slowed, berserked, paralysed or teleported.
You can dig through walls and to a lower floor.
You have a pair of large antennae on your head. (SInv)
Your four strong arms can wield two-handed weapons with a shield.


Message History

The ball of steam hits you!!
You are too injured to fight recklessly!
You are too injured to fight recklessly!
You are too injured to fight recklessly!
You are too injured to fight recklessly!
You are too injured to fight recklessly!
You are too injured to fight recklessly!
You are too injured to fight recklessly!
You are too injured to fight recklessly!
You are too injured to fight recklessly!
You are too injured to fight recklessly!
You are too injured to fight recklessly!
You are too injured to fight recklessly!
Unknown command.
You hit the steam dragon but do no damage.
The steam dragon is heavily wounded.
You are engulfed in a cloud of scalding steam.
The steam dragon bites you but does no damage.
The steam dragon barely misses you.
You barely miss the steam dragon.
The steam dragon is heavily wounded.
You are engulfed in a cloud of scalding steam.
* * * LOW HITPOINT WARNING * * *
You block the steam dragon's attack. x3
The steam dragon claws you but does no damage.
You hit the steam dragon but do no damage.
The steam dragon is heavily wounded.
You are engulfed in a cloud of scalding steam.
* * * LOW HITPOINT WARNING * * *
The steam dragon completely misses you. You block the steam dragon's attack.
You barely miss the steam dragon.
The steam dragon is heavily wounded.
The steam dragon bites you.
* * * LOW HITPOINT WARNING * * *
The steam dragon completely misses you.
You hit the steam dragon but do no damage.
The steam dragon is heavily wounded.
The steam dragon breathes steam at you. The ball of steam hits you!
You die...

...### ...+.# .# ...#.#
.# . ...#.# .# .. ...#.#
.# ≈≈≈
.<.#.############.# ≈≈≈≈
...#............#.#.≈≈_.
.†.#..#.........#...≈≈≈≈
...#..#.#.#####.@D...≈≈≈
####..#.#.....#.#.......
# #..#.#...#.#.#..?....
####..#.###.#.#.#.......
...#†.#.#####.#.#...$..#
...#..#.......#.#.......
>..#..#########.#.$..###
...#........ .......#
......######


You could see a steam dragon (catching breath).

Vanquished Creatures
  Grinder (D:3)
  A steam dragon (D:5)
  A scorpion (D:6)
  A howler monkey (D:5)
  An orc priest (D:5)
  3 hounds (D:4)
  Terence (D:2)
  Natasha (twice) (D:2)
  3 iguanas
  An orc wizard (D:5)
  Robin (D:3)
  A gnoll (D:1)
  2 adders
  2 ufetubi (D:5)
  2 worms
  A dart slug (D:3)
  6 orcs
  An endoplasm (D:4)
  A giant cockroach (D:3)
  23 goblins
  13 hobgoblins
  5 quokkas
  8 ball pythons
  3 bats
  A frilled lizard (D:2)
  9 kobolds
  7 rats
101 creatures vanquished.

Notes
Turn   | Place    | Note
-------+----------+-------------------------------------------
     0 | D:1      | GigaChad the Formicid Fighter began the quest for the Orb.
     0 | D:1      | Reached XP level 1. HP: 18/18 MP: 1/1
    40 | D:1      | Reached XP level 2. HP: 24/24 MP: 2/2
   333 | D:1      | Reached XP level 3. HP: 30/30 MP: 3/3
   940 | D:2      | Noticed Natasha
   951 | D:2      | Killed Natasha
   952 | D:2      | Reached XP level 4. HP: 27/37 MP: 4/4
  1107 | D:2      | Noticed Terence
  1121 | D:2      | Killed Terence
  1122 | D:2      | Reached skill level 3 in Axes
  1122 | D:2      | Reached XP level 5. HP: 20/42 MP: 5/5
  1683 | D:2      | Noticed Natasha
  1693 | D:2      | Killed Natasha
  1944 | D:3      | Found a blossoming altar of Fedhas.
  2122 | D:3      | Noticed Robin
  2132 | D:3      | Reached skill level 5 in Shields
  2134 | D:3      | Killed Robin
  2306 | D:3      | Noticed Grinder
  2312 | D:3      | Reached XP level 6. HP: 45/49 MP: 6/6
  2332 | D:3      | Killed Grinder
  2333 | D:3      | Reached skill level 5 in Axes
  2333 | D:3      | Reached XP level 7. HP: 49/55 MP: 7/7
  2357 | D:3      | Found a runed translucent door.
  2358 | D:3      | Noticed SirDiesAlot's ghost (amateur OpFE)
  2380 | D:3      | Found a burning altar of Makhleb.
  2941 | D:4      | Found a snail-covered altar of Cheibriados.
  3085 | D:4      | Found a stormy altar of Qazlal.
  3712 | D:5      | Entered Level 5 of the Dungeon
  3747 | D:5      | Reached skill level 5 in Fighting
  4258 | D:5      | Found a radiant altar of Vehumet.
  4260 | D:5      | Noticed a steam dragon
  4268 | D:5      | HP: 1/56 [steam dragon] (6)]
  4273 | D:5      | Killed a steam dragon
  4274 | D:5      | Reached skill level 6 in Axes
  4274 | D:5      | Reached skill level 5 in Armour
  4274 | D:5      | Reached XP level 8. HP: 3/62 MP: 8/8
  4962 | D:6      | Found a glowing silver altar of Zin.
  4973 | D:6      | Killed from afar by a steam dragon

Illustrated notes

Levels and vault maps discovered:
D:1:      dpeg_arrival_boxorama, layout_basic, kennysheep_boxes
D:2:      cheibrodos_greedy_goblins, layout_loops_ring, guppyfry_early_orc_mine,
          uniq_natasha, uniq_terence
D:3:      layout_basic, lightli_temple_of_fire, mainiacjoe_overflow_24_doors,
          ebering_ghost_reflecting_pool, minivault_4, serial_park_tiny_1,
          uniq_grinder, uniq_robin
D:4:      layout_basic, nicolae_overflow_hidden_temple, grunt_qazlal_sundering,
          uniq_edmund
D:5:      layout_rooms, old_standard_altar, due_unseen_surprise
D:6:      minmay_recursive_quarters, layout_basic, nemelex_diamond_rough_becter,
          mainiacjoe_overflow_chevrons, mainiacjoe_overflow_catwalk,
          corexii_shack, uniq_jeremiah

Skill      XL: |  1  2  3  4  5  6  7 |
---------------+----------------------+-----
Fighting       | 4 5 |  5.3
Axes           | 3 5 6 |  6.3
Armour         | 4 5 |  5.3
Shields        | 5 |  5.8
Shapeshifting  | |  0.8

Action                     |  1- 3 |  4- 6 |  7- 9 || total
---------------------------+-------+-------+-------++-------
  Melee: War axe           |    60 |   131 |   122 ||   313
         Unarmed           |       |     6 |       ||     6
    Use: Scroll            |     3 |     3 |     2 ||     8
 Armour: Scale mail        |    42 |    84 |    92 ||   218
         Skin              |       |     3 |       ||     3
  Dodge: Dodged            |    21 |    65 |    60 ||   146
  Block: Buckler           |    14 |    35 |    33 ||    82

Table legend: (Time is in decaauts)
 A = Elapsed time spent in this place.
 B = Non-inter-level travel time spent in this place.
 C = Inter-level travel time spent in this place.
 D = Time resting spent in this place.
 E = Time spent auto-exploring this place.
 F = Levels seen in this place.
 G = Mean time per level.
                   A        B        C        D        E       F      G
               +--------+--------+--------+--------+--------+-----+--------+
         Total |   5070 |   4991 |     79 |    486 |   3732 |   6 |  845.0 |
       Dungeon |   5070 |   4991 |     79 |    486 |   3732 |   6 |  845.0 |
               +--------+--------+--------+--------+--------+-----+--------+

Top non-repeatable levels by time:
     D:5: 1165 daAuts
     D:3: 1035 daAuts
     D:2: 998 daAuts
     D:1: 929 daAuts
     D:4: 827 daAuts
     D:6: 113 daAuts
